 Dungeon Crawl Stone Soup version 0.29-a0-121-g8efb068a30 (webtiles) character file.

Game seed: 16669332752514933084

75 Gargoyl the Skirmisher (level 4, -1/29 HPs)
             Began as a Gargoyle Abyssal Knight on Feb 20, 2022.
             Was a Follower of Lugonu.
             Killed from afar by Sigmund (2 damage)
             ... with a magic dart
             ... on level 1 of the Dungeon.
             The game lasted 00:00:58 (1315 turns).

Gargoyl the Skirmisher (Gargoyle Abyssal Knight)    Turns: 1315, Time: 00:00:58

Health: -1/29      AC:  6    Str: 18    XL:     4   Next: 31%
Magic:  5/5        EV: 11    Int: 11    God:    Lugonu [*.....]
Gold:   46         SH:  0    Dex: 10    Spells: 3/3 levels left

rFire   . . .      SeeInvis .   a - +1 hand axe
rCold   . . .      Faith    .   (no shield)
rNeg    + . .      Spirit   .   b - +0 leather armour
rPois   ∞          Reflect  .   (no helmet)
rElec   +          Harm     .   (no cloak)
rCorr   .          Rampage  .   (no gloves)
Will    .....                   (no boots)
Stlth   +.........              (no amulet)
HPRegen 0.09/turn               (no ring)
MPRegen 0.09/turn               (no ring)

@: confused
A: sickness immunity, AC +3, negative energy resistance 1, electricity
resistance, torment resistance 1, petrification resistance
a: Renounce Religion, Depart the Abyss


You were on level 1 of the Dungeon.
You worshipped Lugonu.
Lugonu was aware of your devotion.
You visited 1 branch of the dungeon, and saw 2 of its levels.
You visited the Abyss 1 time.

You collected 46 gold pieces.

Inventory:

Hand Weapons
 a - a +1 hand axe (weapon)
Armour
 b - a +0 leather armour (worn)
Scrolls
 d - a scroll of identify {unknown}
 f - a scroll of fog {unknown}
 g - a scroll of silence {unknown}
 h - a scroll of amnesia {unknown}
Potions
 c - 4 potions of heal wounds {unknown}
 e - 2 potions of ambrosia {unknown}
 i - a potion of brilliance {unknown}


   Skills:
 + Level 4.1 Fighting
 + Level 3.0 Axes
 + Level 2.5 Armour
 + Level 1.1 Dodging
 + Level 0.2 Stealth
 + Level 2.1 Invocations


You had 3 spell levels left.
You didn't know any spells.
Your spell library was empty.

Dungeon Overview and Level Annotations

Branches:
Dungeon (2/15)

Altars:

Annotations:
D:1 Sigmund


Innate Abilities, Weirdness & Mutations

You are immune to sickness and miasma.
Your stone body is resilient. (AC +3)
You are immune to poison.
You resist negative energy. (rN+)
You are resistant to electric shocks. (rElec)
You are resistant to unholy torment.
You are immune to petrification.


Message History

HP restored.
You climb downwards.
Level annotation: Sigmund The adder skeleton barely misses you.
There is a stone staircase leading up here.
Unknown command.
The adder skeleton barely misses you.
Sigmund casts a spell.
Sigmund flickers and vanishes!
Deactivating autopickup; reactivate with Ctrl-A.
You climb upwards.
Reactivating autopickup.
There is a stone staircase leading down here.
You climb downwards.
Level annotation: Sigmund The adder skeleton bites you.
A bat comes into view.
The adder skeleton closely misses you.
There is a stone staircase leading up here.
The adder skeleton bites you but does no damage.
The adder skeleton bites you. Something hits you.
Deactivating autopickup; reactivate with Ctrl-A.
There is a stone staircase leading up here.
The adder skeleton bites you but does no damage.
You climb upwards.
Reactivating autopickup.
There is a stone staircase leading down here.
Deactivating autopickup; reactivate with Ctrl-A.
You hit something but do no damage. Your punch misses something.
Something hits you.
You slash something! Something hits you!!
Ouch! That really hurt!
* * * LOW HITPOINT WARNING * * *
You hit something.
You hear some strange, mumbled words.
You are confused.
You hear some strange, mumbled words.
A magic dart appears from out of thin air!
The magic dart hits you.
You die...

.......................#.....##.#
.........).............#.....##.#
.##............##.######.....##.#
.##.............#.# #.#...##.#
.##...........#.#.# #.#...##.#
.##........)..#.#.# #.#...##.#
.##...............# #.#...##.#
.##.)..........#{.######.######..
.#######.......#@>........# ###
.#######.....÷.############
.#...........÷.# ##.............#
#....†........####
#................#
#.......#+##.....#
#.......#.##.....#
#########........#######


There were no monsters in sight!

Vanquished Creatures
  A scorpion (D:1)
  4 bats (D:1)
  2 endoplasms (D:1)
  3 hobgoblins (D:1)
  3 quokkas (D:1)
  2 ball pythons (D:1)
  2 frilled lizards (D:1)
  A kobold (D:1)
  2 rats (D:1)
20 creatures vanquished.

Notes
Turn   | Place    | Note
-------+----------+-------------------------------------------
     0 | Abyss:1  | Gargoyl the Gargoyle Abyssal Knight began the quest for the
                  | Orb.
     0 | Abyss:1  | Reached XP level 1. HP: 14/14 MP: 2/2
     5 | D:1      | Escaped the Abyss
   168 | D:1      | Reached * piety under Lugonu
   176 | D:1      | Reached XP level 2. HP: 16/19 MP: 3/3
  1039 | D:2      | Noticed Sigmund
  1039 | D:2      | Noticed a scorpion
  1055 | D:1      | Killed a scorpion
  1056 | D:1      | Reached skill level 4 in Fighting
  1056 | D:1      | Reached skill level 1 in Dodging
  1056 | D:1      | Reached XP level 3. HP: 5/24 MP: 4/4
  1056 | D:1      | Reached XP level 4. HP: 6/29 MP: 5/5
  1313 | D:1      | HP: 1/29 [something (18)]
  1315 | D:1      | Killed from afar by Sigmund

Illustrated notes

Levels and vault maps discovered:
D:1:      dpeg_arrival_rooms_b, layout_basic
D:2:      layout_loops_ring, glass_columns_a, uniq_jessica, uniq_terence,
          uniq_sigmund

Skill      XL: |  1  2 |
---------------+-------+-----
Axes           | 2 3 |  3.0
Fighting       | 4 |  4.1
Dodging        | 1 |  1.1
Armour         | |  2.5
Stealth        | |  0.2
Invocations    | |  2.1

Action                   |  1- 3 |  4- 6 || total
-------------------------+-------+-------++-------
Melee: Hand axe          |    62 |     3 ||    65
Invok: Depart the Abyss  |     1 |       ||     1
Armor: Leather armour    |    44 |     2 ||    46
Dodge: Dodged            |    58 |     3 ||    61

Table legend: (Time is in decaauts)
 A = Elapsed time spent in this place.
 B = Non-inter-level travel time spent in this place.
 C = Inter-level travel time spent in this place.
 D = Time resting spent in this place.
 E = Time spent auto-exploring this place.
 F = Levels seen in this place.
 G = Mean time per level.
                   A        B        C        D        E       F      G
               +--------+--------+--------+--------+--------+-----+--------+
         Total |   1329 |   1277 |     52 |    244 |    834 |   3 |  443.0 |
       Dungeon |   1324 |   1272 |     52 |    244 |    830 |   2 |  662.0 |
         Abyss |      5 |      5 |      0 |      0 |      4 |   1 |    5.0 |
               +--------+--------+--------+--------+--------+-----+--------+

Top non-repeatable levels by time:
     D:1: 1315 daAuts
     D:2: 8 daAuts
 Abyss:1: 5 daAuts
